 Dungeon Crawl Stone Soup version 0.30-a0-867-g305f33218d (webtiles) character file.

Game seed: 8525257706065285783

7137 pokeman the Thaumaturge (level 10, -4/55 HPs)
             Began as a Deep Elf Hedge Wizard on Mar 10, 2023.
             Was an Elder of Vehumet.
             Killed from afar by a rime drake (13 damage)
             ... with an icy flash freeze
             ... on level 9 of the Dungeon on Mar 11, 2023.
             The game lasted 00:26:37 (9759 turns).

pokeman the Thaumaturge (Deep Elf Hedge Wizard)     Turns: 9759, Time: 00:26:38

Health: -4/55      AC:  4    Str:  7    XL:     10   Next: 85%
Magic:  20/29      EV: 28    Int: 24    God:    Vehumet [****..]
Gold:   447        SH:  0    Dex: 14    Spells: 21/36 levels left

rFire   + + .      SeeInvis .    R - +7 mace of Variability {chaos, chain chaos}
rCold   + + .      Faith    .    (shield currently unavailable)
rNeg    + . .      Spirit   .    D - +2 robe {rF+}
rPois   +          Reflect  .    S - -2 hat of the Alchemist {rElec rPois rF+ rC+ rN+ Will+ rMut rCorr}
rElec   +          Rampage  .    K - +1 cloak
rCorr   +                        (no gloves)
rMut    +                        (no boots)
Will    ++...                    l - amulet of the acrobat
Stlth   ++                       w - ring of protection from cold
HPRegen 0.29/turn                (no ring)
MPRegen 0.21/turn

@: acrobatic
A: no striking features
a: Renounce Religion


You were on level 9 of the Dungeon.
You worshipped Vehumet.
Vehumet was greatly pleased with you.
You visited 1 branch of the dungeon, and saw 9 of its levels.
You also visited: Ossuary and Bailey.

You collected 919 gold pieces.
You spent 472 gold pieces at shops.

Inventory:

Hand Weapons
 u - a +0 spear of venom
 J - a +1 demon whip of freezing
 R - the +7 mace of Variability (weapon) {chaos, chain chaos}
   (You found it on level 8 of the Dungeon)
Armour
 e - a +0 buckler
 D - a +2 robe of fire resistance (worn)
 K - a +1 cloak (worn)
 Q - quicksilver dragon scales
 S - the -2 hat of the Alchemist (worn) {rElec rPois rF+ rC+ rN+ Will+ rMut rCorr}
   (You bought it in a shop on level 9 of the Dungeon)

   rF:        It protects you from fire.
   rC:        It protects you from cold.
   rElec:     It insulates you from electricity.
   rPois:     It protects you from poison.
   rN:        It protects you from negative energy.
   rCorr:     It protects you from acid and corrosion.
   rMut:      It protects you from mutation.
   Will:      It increases your willpower.
Magical Staves
 b - a staff of fire
 h - a staff of conjuration
Jewellery
 l - an amulet of the acrobat (around neck)
 n - a ring of fire
 w - a ring of protection from cold (left hand)
Wands
 a - a wand of flame (27)
 H - a wand of charming (4)
 M - a wand of polymorph (4)
 N - a wand of acid (13)
Scrolls
 c - 2 scrolls of butterflies {unknown}
 f - 5 scrolls of noise {unknown}
 i - 3 scrolls of fog {unknown}
 j - 6 scrolls of vulnerability {unknown}
 m - 5 scrolls of identify {unknown}
 o - 3 scrolls of fear {unknown}
 p - 3 scrolls of poison {unknown}
 q - 2 scrolls of magic mapping {unknown}
 r - 3 scrolls of enchant weapon {unknown}
 v - 7 scrolls of teleportation {unknown}
 B - a scroll of silence {unknown}
 C - a scroll of amnesia {unknown}
 F - 2 scrolls of blinking {unknown}
 G - a scroll of immolation {unknown}
 I - 3 scrolls of enchant armour {unknown}
 P - a scroll of acquirement {unknown}
Potions
 d - a potion of magic
 g - 3 potions of flight {unknown}
 k - 5 potions of heal wounds {unknown}
 s - 2 potions of brilliance {unknown}
 t - 3 potions of lignification {unknown}
 x - 4 potions of curing
 z - a potion of haste
 A - a potion of might
 E - 3 potions of mutation {unknown}
 L - a potion of invisibility {unknown}
 O - a potion of cancellation {unknown}


   Skills:
 + Level 2.9 Fighting
 - Level 3.0 Armour
 - Level 3.0 Dodging
 - Level 3.1 Stealth
 - Level 3.1 Shields
 * Level 13.5 Spellcasting
 + Level 7.7 Conjurations
 - Level 1.1 Summonings
 - Level 1.1 Translocations
 + Level 7.0 Fire Magic
 - Level 1.0 Air Magic
 + Level 6.4 Earth Magic
 - Level 1.0 Poison Magic
 - Level 1.0 Evocations


You had 21 spell levels left.
You knew the following spells:

 Your Spells              Type           Power      Damage    Failure   Level
a - Magic Dart            Conj           100%       1d8       1%          1
b - Mephitic Cloud        Conj/Pois/Air  31%        N/A       1%          3
c - Call Imp              Summ           21%        N/A       3%          2
d - Blink                 Tloc           42%        N/A       3%          2
e - Foxfire               Conj/Fire      100%       2x1d9     1%          1
f - Iron Shot             Conj/Erth      25%        9d5       9%          6

Your spell library contained the following spells:

 Spells                   Type           Power      Damage    Failure   Level
 Hailstorm                Conj/Ice       34%        3d9       1%          3
 Inner Flame              Hex/Fire       33%        N/A       1%          3
 Lee's Rapid Deconstruct  Erth           23%        3d13*     1%          5
 Apportation              Tloc           42%        N/A       2%          1
 Slow                     Hex            64%        N/A       3%          1
 Cigotuvi's Dreadful Rot  Necr/Pois/Air  38%        N/A       4%          2
 Sublimation of Blood     Necr           16%        N/A       5%          2
 Wereblood                Tmut           16%        N/A       5%          2
 Animate Armour           Summ/Erth      68%        N/A       8%          4
 Leda's Liquefaction      Hex/Erth       15%        N/A       10%         4
 Cause Fear               Hex            8%         N/A       36%         4
 Alistair's Intoxication  Tmut/Pois      12%        N/A       63%         5
 Blade Hands              Tmut           8%         N/A       71%         5
 Statue Form              Tmut/Erth      20%        N/A       83%         6
 Summon Hydra             Summ           10%        N/A       100%        7
 Borgnjor's Revivificati  Necr           8%         N/A       100%        8
 Discord                  Hex            8%         N/A       100%        8
 Necromutation            Tmut/Necr      8%         N/A       100%        8
 Death's Door             Necr           8%         N/A       100%        9


Dungeon Overview and Level Annotations

Branches:
Dungeon (9/15)             Temple (0/1) D:5            Lair (0/5) D:9
    Orc (0/2) D:9         Ossuary (visited)          Bailey (visited)

Altars:
Ashenzari
Dithmenos
Gozag
Kikubaaqudgha
Vehumet
Zin

Shops:
D:9 [

Annotations:
D:9 Erica


Message History

The rime drake is engulfed in noxious fumes.
The rime drake appears confused.
The polar bear bites you. The polar bear closely misses you.
The polar bear misses you.
Unknown command.
Unknown command.
You bludgeon the yak!! You burn the yak.
You kill the yak!
Vehumet accepts your kill.
You feel your power returning. The polar bear bites you!
* * * LOW HITPOINT WARNING * * *
The polar bear misses you. The polar bear closely misses you.
The polar bear bites you but does no damage.
The polar bear claws you but does no damage.
The polar bear claws you.
* * * LOW HITPOINT WARNING * * *
Your Fire Magic skill increases to level 7!
Unknown command.
Casting: Mephitic Cloud (safe; 1% risk of failure)
Confirm with . or Enter, or press ? or * to list all spells.
You blink.
The rime drake bites the polar bear but does no damage.
Unknown command.
Casting: Blink (safe; 3% risk of failure)
Confirm with . or Enter, or press ? or * to list all spells.
Aiming: Mephitic Cloud (safe; 1% risk of failure)
Press: ? - help, Shift-Dir - straight line, f - polar bear
Aim: a polar bear shaped shifter (lightly wounded, chance to affect: 67%)
The ball explodes into a vile cloud!
The stinking cloud engulfs the polar bear but does no damage.
The polar bear is lightly wounded.
You hear a shout!
You hear a roar!
The polar bear changes into a tarantella!
Unknown command.
You feel stable enough to blink again.
The tarantella is engulfed in noxious fumes.
The tarantella appears confused.
The rime drake seems less confused.
The rime drake breathes ice at you. The icy flash freeze hits you!
You partially resist.
You die...

##### ########...#
#.......s.[# ###
...........######## ....
.......Yk.........####....
........#####.@...........
......Y.# ###...........
........# +...........
........+ #...........
#+#####.# #........... #.#
#...######.. #.#######...#
.......<..# ##........#


You could see a yak, a rime drake (catching breath) and a tarantella shaped
shifter (confused).

Vanquished Creatures
  A two-headed ogre (Bailey)
  Amaemon (D:9)
  An orange demon (D:9)
  A troll (D:9)
  6 spriggans (Bailey)
  A wyvern (D:7)
  7 yaks
  Eustachio (D:5)
  A steam dragon (Bailey)
  5 water moccasins
  2 orc warriors (D:6)
  A sky beast (D:8)
  3 ogres (Bailey)
  2 bullfrogs (D:7)
  Blork the orc (D:5)
  6 scorpions (D:7)
  11 killer bees
  A howler monkey (D:5)
  A hound (D:6)
  2 jellies
  An orc priest (D:8)
  3 gnoll boudas
  3 sleepcaps
  4 iguanas
  6 orc wizards
  Terence (D:2)
  9 mummies
  6 adders
  15 gnolls
  2 white imps (D:8)
  An ufetubus (D:4)
  3 dart slugs
  27 orcs
  7 ball pythons
  6 endoplasms
  5 giant cockroaches
  14 goblins
  8 hobgoblins
  5 jackals (D:3)
  5 kobolds
  7 bats
  2 frilled lizards (D:1)
  A gnoll zombie (Ossuary)
  3 hobgoblin zombies (Ossuary)
  3 kobold zombies (Ossuary)
  An orc zombie (Ossuary)
  9 rats
  A butterfly (D:7)
213 creatures vanquished.

Vanquished Creatures (collateral kills)
  A scorpion (D:7)
  A killer bee (D:7)
2 creatures vanquished.

Vanquished Creatures (others)
  583 foxfires
  4 toadstools (D:8)
587 creatures vanquished.

Grand Total: 802 creatures vanquished

Notes
Turn   | Place    | Note
-------+----------+-------------------------------------------
     0 | D:1      | pokeman the Deep Elf Hedge Wizard began the quest for the
                  | Orb.
     0 | D:1      | Reached XP level 1. HP: 10/10 MP: 7/7
   294 | D:1      | Reached XP level 2. HP: 16/16 MP: 2/9
   700 | D:1      | Reached skill level 5 in Spellcasting
   984 | D:1      | Reached XP level 3. HP: 20/20 MP: 8/11
   988 | D:1      | Learned a level 3 spell: Mephitic Cloud
   991 | D:1      | Learned a level 2 spell: Call Imp
   994 | D:1      | Learned a level 2 spell: Blink
  1332 | D:2      | Found a radiant altar of Vehumet.
  1337 | D:2      | Became a worshipper of Vehumet
  1665 | D:2      | Reached skill level 1 in Fighting
  1665 | D:2      | Reached skill level 1 in Armour
  2114 | D:2      | Noticed Terence
  2125 | D:2      | Killed Terence
  2126 | D:2      | Reached XP level 4. HP: 19/25 MP: 8/13
  2758 | D:3      | Reached skill level 6 in Spellcasting
  3086 | D:3      | Reached * piety under Vehumet
  3086 | D:3      | Offered knowledge of Foxfire by Vehumet.
  3089 | D:3      | Learned a level 1 spell: Foxfire
  3455 | D:4      | Reached XP level 5. HP: 29/29 MP: 12/15
  4011 | D:4      | Found a glowing silver altar of Zin.
  4139 | D:4      | Reached skill level 1 in Fire Magic
  4139 | D:4      | Reached skill level 1 in Poison Magic
  4139 | D:4      | Reached XP level 6. HP: 34/34 MP: 10/17
  4197 | D:4      | Reached skill level 1 in Air Magic
  4202 | D:4      | Reached skill level 1 in Evocations
  4278 | D:5      | Entered Level 5 of the Dungeon
  4285 | D:5      | Noticed Eustachio
  4338 | D:5      | Noticed a water moccasin
  4350 | D:5      | Killed a water moccasin
  4351 | D:5      | Reached skill level 7 in Spellcasting
  4388 | D:5      | Found a staircase to the Ecumenical Temple.
  4495 | D:5      | Found a sand-covered staircase.
  4501 | Ossuary  | Entered an ossuary
  4516 | Ossuary  | Reached ** piety under Vehumet
  4516 | Ossuary  | Offered knowledge of Searing Ray by Vehumet.
  4574 | Ossuary  | Reached XP level 7. HP: 38/38 MP: 16/19
  4892 | D:5      | Learned a level 6 spell: Iron Shot
  5052 | D:5      | Killed Eustachio
  5053 | D:5      | Reached skill level 8 in Spellcasting
  5055 | D:5      | Noticed Blork the orc
  5068 | D:5      | Killed Blork the orc
  5069 | D:5      | Reached skill level 1 in Earth Magic
  5414 | D:5      | Found an ancient bone altar of Kikubaaqudgha.
  5865 | D:6      | Reached XP level 8. HP: 44/44 MP: 15/22
  6013 | D:6      | Offered knowledge of Scorch by Vehumet.
  6014 | D:6      | Reached skill level 9 in Spellcasting
  6689 | D:7      | Reached skill level 5 in Conjurations
  6690 | D:7      | Reached *** piety under Vehumet
  6691 | D:7      | Reached skill level 1 in Shields
  6723 | D:7      | Reached skill level 10 in Spellcasting
  6753 | D:7      | Reached XP level 9. HP: 24/48 MP: 21/25
  6770 | D:7      | Found a flagged portal.
  6782 | Bailey   | Entered a bailey
  6984 | Bailey   | Reached skill level 5 in Fire Magic
  7019 | Bailey   | Offered knowledge of Olgreb's Toxic Radiance by Vehumet.
  7020 | Bailey   | Reached skill level 11 in Spellcasting
  7074 | Bailey   | Noticed a two-headed ogre
  7079 | Bailey   | Killed a two-headed ogre
  7080 | Bailey   | Reached skill level 5 in Earth Magic
  7160 | Bailey   | Reached XP level 10. HP: 35/53 MP: 19/27
  7319 | D:7      | Reached skill level 12 in Spellcasting
  7503 | D:7      | Found a runed translucent door.
  7506 | D:7      | Found a runed translucent door.
  7530 | D:7      | Found an opulent altar of Gozag.
  7530 | D:7      | Found a broken altar of Ashenzari.
  8217 | D:8      | Found the +7 mace of Variability {chaos, chain chaos}
  8349 | D:8      | Found a shadowy altar of Dithmenos.
  8372 | D:8      | Reached **** piety under Vehumet
  8839 | D:8      | Offered knowledge of Hailstorm by Vehumet.
  9285 | D:9      | Found a staircase to the Lair.
  9306 | D:9      | Found a staircase to the Orcish Mines.
  9308 | D:9      | Found Diewkok's Armour Shop.
  9326 | D:9      | Bought the -2 hat of the Alchemist {rElec rPois rF+ rC+ rN+
                  | Will+ rMut rCorr} for 472 gold pieces
  9326 | D:9      | Found the -2 hat of the Alchemist {rElec rPois rF+ rC+ rN+
                  | Will+ rMut rCorr}
  9366 | D:9      | Noticed Amaemon
  9366 | D:9      | Noticed an orange demon
  9371 | D:9      | Killed an orange demon
  9372 | D:9      | Reached skill level 13 in Spellcasting
  9378 | D:9      | Noticed Erica
  9384 | D:9      | Killed Amaemon
  9759 | D:9      | Killed from afar by a rime drake

Illustrated notes

Levels and vault maps discovered:
D:1:      arrival_zaba_pyramid, layout_basic
D:2:      layout_loops_ring, basic_altar, chequers_serial_rivers_large_b,
          uniq_terence
D:3:      layout_loops_corners, wad_floor_pattern_untrapped
D:4:      layout_cave_pools, mainiacjoe_overflow_24_doors, abandoned_shop,
          kennysheep_generic_room_14
D:5:      layout_gridville, mainiacjoe_overflow_brackets, temple_green,
          gup_ossuary_entry_pyramid, uniq_eustachio, uniq_blork_the_orc
D:6:      layout_gridville
D:7:      lemuel_insect_pit, layout_basic, nicolae_overflow_two_pavilions,
          enter_bailey_5
D:8:      layout_loops_ring, nicolae_dithmenos_the_darkroom,
          hangedman_decor_opposing, grunt_ministairs_12, st_stairs_8,
          minmay_gold_behind_fungi, hangedman_abyss_or_decor_lesser_grid
D:9:      old_forge, layout_irregular_city, kennysheep_little_box,
          lair_entry_dummy, orc_david_3, minmay_fractal_squares_diagonal_5,
          uniq_erica, uniq_amaemon

Skill      XL: |  1  2  3  4  5  6  7  8  9 10 |
---------------+-------------------------------+-----
Spellcasting   | 5 6 7 8 10 11 13 | 13.5
Fighting       | 1 2 |  2.9
Armour         | 1 2 3 |  3.0
Conjurations   | 2 3 4 5 6 7 |  7.7
Dodging        | 3 |  3.0
Stealth        | 3 |  3.1
Fire Magic     | 1 2 3 4 5 7 |  7.0
Poison Magic   | 1 |  1.0
Air Magic      | 1 |  1.0
Evocations     | 1 |  1.0
Earth Magic    | 1 3 5 6 |  6.4
Shields        | 1 3 |  3.1
Summonings     | |  1.1
Translocations | |  1.1

Action                     |  1- 3 |  4- 6 |  7- 9 | 10-12 || total
---------------------------+-------+-------+-------+-------++-------
  Melee: Dagger            |     5 |     8 |       |       ||    13
         Spear             |       |     3 |    70 |    20 ||    93
         Great mace        |       |       |       |    36 ||    36
   Cast: Magic Dart        |   101 |    38 |     3 |       ||   142
         Mephitic Cloud    |     1 |     2 |    17 |    25 ||    45
         Call Imp          |     1 |       |     1 |       ||     2
         Foxfire           |       |   108 |   154 |    58 ||   320
         Blink             |       |     2 |     1 |     3 ||     6
         Iron Shot         |       |       |       |     4 ||     4
    Use: Potion            |       |     1 |       |       ||     1
   Stab: Confused          |     1 |     3 |     9 |     5 ||    18
         Sleeping          |       |       |       |     1 ||     1
 Armour: Robe              |     2 |     2 |    13 |    14 ||    31
  Dodge: Dodged            |    10 |    17 |    37 |    56 ||   120

Table legend: (Time is in decaauts)
 A = Elapsed time spent in this place.
 B = Non-inter-level travel time spent in this place.
 C = Inter-level travel time spent in this place.
 D = Time resting spent in this place.
 E = Time spent auto-exploring this place.
 F = Levels seen in this place.
 G = Mean time per level.
                   A        B        C        D        E       F      G
               +--------+--------+--------+--------+--------+-----+--------+
         Total |   9834 |   9565 |    269 |    338 |   7395 |  11 |  894.0 |
       Dungeon |   8927 |   8658 |    269 |    242 |   6900 |   9 |  991.9 |
       Ossuary |    364 |    364 |      0 |      0 |    252 |   1 |  364.0 |
        Bailey |    542 |    542 |      0 |     96 |    243 |   1 |  542.0 |
               +--------+--------+--------+--------+--------+-----+--------+

Top non-repeatable levels by time:
     D:8: 1379 daAuts
     D:1: 1312 daAuts
     D:3: 1126 daAuts
     D:7: 1066 daAuts
     D:2: 1041 daAuts
     D:5: 1024 daAuts
     D:6: 878 daAuts
     D:4: 836 daAuts
  Bailey: 542 daAuts
 Ossuary: 364 daAuts
     D:9: 261 daAuts
